Map: Kairos Junction LE

Players

Wusch

  • Race: Zerg Zerg
  • League: Platinum
  • Spawn Location: 11:00

Mesrob - Winner!

  • Race: Terran Terran
  • League: Platinum
  • Spawn Location: 5:00

VOD

Have the link to the VOD?

Description

Time

  • Played on: Jan. 25, 2019, 4:32 p.m.
  • Length: 14:00
Show
View Real Time Build Order
Export as new Build Order

Wusch Zerg 

Build Orders: Hatch First, Muta Ling Bane 

Get SALT Encoding   

  12  0:02  Drone  
  13  0:12  Overlord  
  13  0:16  Drone  
  14  0:30  Drone x2  
  14  0:34  Drone  
  17  0:45  Drone  
  18  1:03  Hatchery, Drone  
  18  1:10  Drone  
  19  1:34  Spawning Pool  
  19  1:37  Extractor  
  17  1:44  Drone  
  17  1:45  Drone x2  
  20  1:57  Overlord  
  20  2:08  Hatchery  
  19  2:21  Zergling x6  
  22  2:28  Drone x2  
  24  2:31  Queen  
  26  2:41  Queen  
  28  2:48  Metabolic Boost  
  28  3:04  Baneling Nest  
  28  3:05  Drone x3  
  29  3:07  Drone  
  31  3:15  Overlord  
  31  3:19  Overlord  
  31  3:25  Drone x2  
  32  3:37  Drone x2  
  32  3:38  Drone x2  
  32  3:39  Drone  
  32  3:40  Drone  
  38  3:50  Drone  
  38  3:51  Drone x3  
  38  3:53  Drone  
  43  3:57  Zergling x4  
  43  3:59  Zergling x2  
  43  4:02  Drone  
  47  4:04  Drone  
  48  4:10  Extractor  
  48  4:14  Drone  
  48  4:15  Drone x2, Evolution Chamber  
  48  4:16  Evolution Chamber  
  48  4:21  Lair  
  48  4:26  Overlord  
  48  4:27  Extractor  
  48  4:28  Overlord  
  48  4:30  Drone  
  49  4:38  Drone x2  
  49  4:39  Drone x2  
  49  4:42  Zerg Ground Armor Level 1  
  52  4:50  Zergling x8  
  52  4:52  Zergling x2  
  57  4:54  Zergling x2  
  57  4:59  Queen  
  60  5:02  Baneling x2  
  60  5:03  Baneling x2  
  60  5:05  Baneling x3  
  60  5:06  Baneling  
  60  5:09  Zergling x4  
  60  5:10  Zergling x2  
  63  5:22  Zerg Melee Weapons Level 1  
  63  5:23  Zergling x6  
  63  5:24  Zergling x6  
  63  5:27  Overlord  
  69  5:32  Drone x2  
  69  5:33  Drone x2  
  69  5:34  Drone  
  74  5:40  Overlord x2  
  72  5:57  Spire  
  72  5:59  Extractor  
  72  6:00  Drone x2  
  72  6:01  Extractor, Drone  
  72  6:02  Drone x3  
  75  6:04  Drone x4  
  79  6:12  Drone x5  
  79  6:13  Drone  
  79  6:16  Overlord  
  79  6:18  Pneumatized Carapace  
  85  6:21  Overlord  
  85  6:30  Zergling x10  
  85  6:31  Zergling x2  
  85  6:32  Zergling x4  
  93  6:37  Spore Crawler  
  93  6:39  Extractor  
  92  6:40  Drone x3  
  92  6:46  Overlord x2  
  94  6:55  Drone x3  
  94  7:00  Queen  
  99  7:03  Queen  
  99  7:06  Queen  
  99  7:07  Hatchery  
  102  7:13  Zerg Ground Armor Level 2  
  102  7:17  Zerg Melee Weapons Level 2  
  102  7:19  Mutalisk  
  102  7:21  Mutalisk  
  106  7:23  Mutalisk  
  106  7:25  Mutalisk  
  106  7:28  Mutalisk  
  112  7:30  Mutalisk  
  112  7:32  Mutalisk  
  112  7:35  Mutalisk  
  118  7:37  Mutalisk  
  118  7:40  Mutalisk  
  122  7:46  Mutalisk  
  124  8:08  Zerg Flyer Weapons Level 1, Mutalisk  
  124  8:09  Corruptor  
  124  8:10  Corruptor  
  124  8:12  Overlord x3  
  130  8:13  Overlord x3  
  130  8:21  Overlord x2  
  130  8:22  Overlord x2  
  130  8:23  Mutalisk  
  132  8:30  Mutalisk, Infestation Pit  
  133  8:35  Mutalisk  
  135  8:44  Centrifical Hooks  
  100  9:17  Zergling x30  
  90  9:18  Zergling x18  
  107  9:31  Mutalisk, Corruptor x2  
  105  9:32  Corruptor x3  
  105  9:36  Hive  
  117  9:42  Zergling x2  
  117  9:43  Zergling x6  
  119  9:52  Corruptor x3  
  125  10:00  Baneling  
  125  10:01  Baneling x7  
  125  10:03  Baneling  
  125  10:05  Baneling  
  125  10:11  Extractor  
  125  10:13  Drone x7  
  131  10:14  Extractor  
  130  10:22  Corruptor x3  
  130  10:24  Zergling x10  
  141  10:31  Baneling  
  141  10:32  Baneling x5  
  141  10:34  Hatchery, Baneling  
  95  11:07  Zergling x2  
  95  11:08  Zergling x42  
  113  11:12  Zergling x2  
  113  11:17  Greater Spire  
  113  11:18  Corruptor x3  
  120  11:58  Corruptor x2  
  120  11:59  Corruptor x3  
  130  12:01  Zergling x2  
  130  12:02  Zergling x16  
  130  12:03  Zergling x12  
  118  12:30  Brood Lord  
  118  12:33  Brood Lord  
  116  12:44  Zergling x14  
  116  12:45  Zergling x20  
  102  13:01  Zergling x18  
  95  13:10  Zergling x2  
  95  13:11  Zergling x2  
  87  13:17  Brood Lord x2  
  92  13:20  Zergling x8  
  92  13:22  Zergling x2  
  92  13:24  Zergling x2  
  80  13:35  Zergling x2  
  80  13:36  Zergling x2  
Show
View Real Time Build Order
Export as new Build Order

Mesrob Terran - Winner!

Build Orders: Mech 

Get SALT Encoding   

  12  0:01  SCV  
  13  0:13  SCV  
  14  0:17  Supply Depot  
  14  0:25  SCV  
  15  0:39  Barracks, SCV  
  16  0:47  Refinery  
  16  0:51  SCV  
  17  1:03  SCV  
  18  1:19  SCV  
  19  1:28  Marine  
  19  1:32  Orbital Command  
  20  1:45  Bunker  
  20  1:52  Supply Depot  
  20  2:05  Command Center  
  19  2:13  Factory  
  19  2:24  Barracks Tech Lab  
  19  2:36  SCV  
  20  2:44  Refinery  
  20  2:48  SCV  
  21  3:00  Supply Depot  
  21  3:01  SCV  
  21  3:02  Siege Tank  
  25  3:06  Marine  
  26  3:13  SCV  
  27  3:20  Orbital Command  
  27  3:25  SCV  
  28  3:27  Engineering Bay  
  28  3:34  Siege Tank  
  31  3:42  SCV  
  31  3:47  SCV  
  33  3:54  SCV  
  34  4:00  Missile Turret  
  34  4:04  Missile Turret  
  34  4:06  Siege Tank  
  37  4:12  SCV  
  38  4:20  Armory  
  38  4:22  Missile Turret  
  38  4:24  SCV  
  38  4:27  Refinery  
  38  4:28  SCV  
  40  4:38  Siege Tank  
  40  4:39  Supply Depot  
  40  4:40  SCV  
  44  4:52  SCV  
  45  4:55  SCV  
  46  5:02  Factory, Supply Depot  
  46  5:07  Factory  
  46  5:08  SCV  
  46  5:12  Refinery  
  47  5:20  SCV  
  48  5:31  Missile Turret  
  48  5:33  SCV  
  48  5:35  SCV  
  50  5:43  Terran Vehicle Weapons Level 1  
  50  5:45  SCV  
  50  5:47  SCV  
  52  5:52  Missile Turret  
  52  5:57  Factory Reactor x2, SCV  
  52  5:58  Supply Depot  
  53  6:12  Thor  
  53  6:17  Sensor Tower, Missile Turret  
  59  6:22  Supply Depot  
  59  6:36  Hellion x4  
  67  6:43  Command Center  
  67  6:48  Sensor Tower  
  67  6:55  SCV x2  
  67  6:56  Armory  
  69  7:07  SCV  
  70  7:09  SCV  
  71  7:16  Hellion x2  
  71  7:17  Hellion x2  
  71  7:19  SCV  
  71  7:22  Infernal Pre-Igniter  
  80  7:26  SCV  
  81  7:40  Terran Vehicle And Ship Armor Level 1  
  81  7:44  Terran Vehicle Weapons Level 2  
  81  7:54  Thor  
  81  7:57  Supply Depot  
  87  8:02  Supply Depot  
  87  8:21  Supply Depot  
  87  8:27  Supply Depot  
  87  8:31  Missile Turret  
  87  8:35  Refinery  
  87  8:36  Hellion x2  
  87  8:37  Hellion, Thor  
  87  8:39  Hellion  
  101  8:49  SCV  
  101  8:50  SCV  
  101  8:51  Supply Depot  
  101  8:53  Planetary Fortress, Missile Turret  
  103  9:00  Refinery  
  103  9:01  SCV  
  103  9:02  SCV  
  83  9:13  SCV  
  83  9:14  SCV  
  75  9:17  Missile Turret  
  75  9:25  SCV  
  75  9:26  SCV  
  75  9:27  Thor  
  75  9:29  Hellbat x4  
  91  9:39  Missile Turret  
  91  9:47  Factory  
  91  9:49  Factory  
  91  10:07  Hellbat x2  
  91  10:08  Hellbat x2  
  98  10:32  Factory  
  98  10:33  Factory  
  98  10:38  Missile Turret  
  98  10:42  Factory Tech Lab x2  
  98  10:43  Thor  
  98  10:44  Hellbat x4  
  96  11:03  Missile Turret  
  96  11:13  Thor x2  
  96  11:15  Hellbat  
  96  11:16  Hellbat x3  
  96  11:18  Factory  
  116  11:22  Missile Turret  
  116  11:29  SCV  
  116  11:30  SCV x2  
  119  11:42  SCV x3  
  122  11:47  Command Center  
  122  11:54  SCV x3  
  123  11:55  Missile Turret  
  124  12:17  Thor x2  
  124  12:19  Factory Tech Lab, Factory Reactor  
  124  12:21  Factory Tech Lab  
  138  12:23  Hellbat x3  
  140  12:55  Command Center  
  134  13:09  Thor x2  
  138  13:16  Hellbat x2  
  140  13:22  Hellbat x2  
  140  13:25  Supply Depot  
  150  13:48  Supply Depot  
Tags
 
Add a new tag
Caveats
  • Supply blocks, unpowered buildings, or Contaminate may cause inaccurate times.
  • Supply counts are checked every 10 seconds.